Map: Prion Terraces

Players

Botvinnik

  • Race: Terran Terran
  • League: Master

uThermal - Winner!

  • Race: Terran Terran
  • League: Grandmaster

Event: DreamHack ZOWIE Open Leipzig

VOD

Have the link to the VOD?

Description

Time

  • Played on: Jan. 22, 2016, 8:11 a.m.
  • Length: 3:54

All games in this series

Show
View Real Time Build Order
Export as new Build Order

Botvinnik Terran 

Build Orders:  

Get SALT Encoding   

  12  0:00  SCV  
  13  0:12  SCV  
  14  0:17  Supply Depot  
  14  0:24  Refinery  
  14  0:40  Barracks  
  14  0:56  Barracks  
  14  1:00  SCV  
  15  1:12  SCV  
  16  1:27  Reaper  
  16  1:28  Barracks  
  17  1:43  Reaper  
  18  1:51  Orbital Command  
  18  1:57  Refinery  
  18  1:59  Reaper  
  18  2:17  SCV  
  18  2:19  Reaper  
  18  2:21  Reaper  
  21  2:24  Supply Depot  
  21  2:29  SCV  
  22  2:32  Reaper  
  23  2:46  SCV  
  23  2:56  Reaper x2  
  24  3:01  SCV  
  25  3:08  Reaper  
  26  3:13  SCV  
  26  3:14  Supply Depot  
  27  3:25  SCV  
  24  3:37  SCV  
Show
View Real Time Build Order
Export as new Build Order

uThermal Terran - Winner!

Build Orders:  

Get SALT Encoding   

  12  0:01  SCV  
  13  0:13  SCV  
  14  0:17  Supply Depot  
  14  0:25  SCV  
  15  0:39  SCV  
  15  0:40  Barracks  
  16  0:44  Refinery  
  16  0:51  SCV  
  17  0:59  Barracks  
  17  1:03  SCV  
  18  1:16  SCV  
  19  1:20  Barracks  
  19  1:27  Reaper  
  19  1:31  Refinery  
  20  1:43  Orbital Command  
  20  1:47  Reaper  
  21  1:55  Supply Depot  
  21  2:00  Reaper  
  22  2:09  Reaper  
  23  2:19  SCV, Reaper  
  25  2:25  Supply Depot  
  25  2:32  SCV, Reaper  
  27  2:38  Supply Depot  
  27  2:41  Reaper  
  28  2:53  Reaper  
  29  3:04  Reaper  
  30  3:13  Reaper  
  30  3:17  Command Center  
  30  3:37  SCV  

Tags
 
Add a new tag
Caveats
  • Supply blocks, unpowered buildings, or Contaminate may cause inaccurate times.
  • Supply counts are checked every 10 seconds.